 Dungeon Crawl Stone Soup version 0.21-a0-78-g82a99e0 (webtiles) character file.

24 Kidiri the Insei (level 2, 0/21 HPs)
             Began as a Demonspawn Transmuter on June 21, 2017.
             Shot with a stone by a goblin (2 damage)
             ... on level 2 of the Dungeon.
             The game lasted 00:02:43 (1137 turns).

Kidiri the Insei (Demonspawn Transmuter)            Turns: 1137, Time: 00:02:43

Health: 0/21       AC:  2    Str: 10    XL:     2   Next: 79%
Magic:  5/5        EV: 12    Int: 14    God:
Gold:   41         SH:  0    Dex: 13    Spells: 2/5 levels left

rFire    . . .     SeeInvis .     - Unarmed
rCold    . . .     Gourm    .   (no shield)
rNeg     . . .     Faith    .   b - +0 robe
rPois    .         Spirit   .   (no helmet)
rElec    .         Reflect  .   (no cloak)
rCorr    .         Harm     .   (no gloves)
MR       .....                  (no boots)
Stlth    +.........             (no amulet)
HPRegen  0.07/turn              (no ring)
MPRegen  0.09/turn              (no ring)

@: no status effects
A: demonic guardian 1
a: no special abilities


You were on level 2 of the Dungeon.
You were not hungry.

You visited 1 branch of the dungeon, and saw 2 of its levels.

You collected 41 gold pieces.

Inventory:

Missiles
 a - 12 arrows
Armour
 b - a +0 robe (worn)
Scrolls
 f - 2 scrolls of remove curse {unknown}
 g - a scroll of identify {unknown}
 h - a scroll of fog {unknown}
 i - a scroll of blinking {unknown}
Potions
 e - a potion of magic {unknown}
Books
 c - a book of Changes

   Spells                             Type                      Level
   a - Beastly Appendage              Transmutation                1
   b - Sticks to Snakes               Transmutation                2
   c - Spider Form                    Transmutation/Poison         3
   d - Ice Form                       Ice/Transmutation            4
   e - Blade Hands                    Transmutation                5
Comestibles
 d - 4 bread rations
 j - a meat ration


   Skills:
 + Level 1.2 Fighting
 - Level 1.7 Dodging
 * Level 3.0 Unarmed Combat
 * Level 2.2 Spellcasting
 * Level 2.4 Transmutations


You had 2 spell levels left.
You knew the following spells:

 Your Spells              Type           Power        Failure   Level  Hunger
a - Beastly Appendage     Tmut           #.....       9%          1    #......
b - Sticks to Snakes      Tmut           #.......     13%         2    ###....


Dungeon Overview and Level Annotations

Branches:
Dungeon (2/15)

Altars:


Innate Abilities, Weirdness & Mutations

A weak demonic guardian rushes to your aid.


Message History

You hit the worm.
The worm is moderately wounded.
You hit the worm.
The worm is heavily wounded.
The worm bites you!
* * * LOW HITPOINT WARNING * * *
A goblin comes into view. It is wielding a dagger.
Your transformation is almost over.
The goblin shouts!
The goblin unwields an uncursed dagger.
The goblin wields a hunting sling.
The goblin shoots a stone.
The stone barely misses you.
Found a scroll labeled PIBUTYCOXI and 10 gold pieces.
You see here a stone.
The goblin shoots a stone.
The stone misses you.
The goblin shoots a stone.
The stone hits you.
* * * LOW HITPOINT WARNING * * *
You see here a stone.
Your horns disappear.
The goblin shoots a stone.
The stone hits you.
You die...

#####g##.# ....(....#
..###.#### ..#.....#
..#...(.# ........#
.#.....(##########
.........g.......#
....#.##########@#
..#.#.##########.####
..#.................#
..##..##########.##.###
..##.......###.#.#<...#
..##...........#.#.##.#
..##....<......#.#.# .#
........########.#.# #
.................#.#


You could see a goblin.

Vanquished Creatures
  An adder (D:2)
  An ooze (D:1)
  A giant cockroach (D:1)
  A ball python (D:2)
  3 bats
  3 frilled lizards
  3 kobolds (D:1)
  A rat (D:1)
14 creatures vanquished.

Notes
Turn   | Place    | Note
-------+----------+-------------------------------------------
     0 | D:1      | Kidiri the Demonspawn Transmuter began the quest for the Orb.
     0 | D:1      | Reached XP level 1. HP: 15/15 MP: 3/3
   501 | D:1      | Gained mutation: A weak demonic guardian rushes to your aid. [demonic ancestry]
   501 | D:1      | Reached XP level 2. HP: 12/21 MP: 3/5
   505 | D:1      | Learned a level 2 spell: Sticks to Snakes
   791 | D:2      | Reached skill level 3 in Unarmed Combat
  1127 | D:2      | HP: 1/21 [goblin/stone (4)]
  1137 | D:2      | Shot with a stone by a goblin

Vault maps used:
D:1:      sevenhm_arrival_forest_fort_small_4
D:2:      tso_altar, uniq_sigmund

Skill      XL: |  1  2 |
---------------+-------+-----
Transmutations | 2 |  2.4
Unarmed Combat | 3 |  3.0
Fighting       | |  1.2
Dodging        | |  1.7
Spellcasting   | |  2.2

Action                   || total
-------------------------++-------
Melee: Unarmed           ||    61
       Headbutt          ||     7
       Kick              ||     4
 Cast: Beastly Appendage ||    10
 Stab: Sleeping          ||     1
  Eat: Chunk             ||     1
Armor: Robe              ||    19
Dodge: Dodged            ||    44
